[Event "Late-Titled-Tuesday-Blitz-October-03-2023"]
[Site "Chess.com"]
[Date "2023.10.03"]
[Round "8"]
[White "Fandorine"]
[Black "djano"]
[Result "1-0"]
[WhiteElo "2929"]
[BlackElo "2680"]
[TimeControl "180+1"]
[EndTime "15:25:57 PDT"]
[Termination "Fandorine won by resignation"]

1. a3 e5 2. c4 Nf6 3. Nc3 d5 4. cxd5 Nxd5 5. Nf3 Nc6 6. Qc2 Be7 7. e3 O-O 8. Bd3 Kh8 9. Nxd5 Qxd5 10. Be4 Qe6 11.
b4 f5 12. Bxc6 bxc6 13. Bb2 Bd6 14. d4 e4 15. Ne5 Bxe5 16. dxe5 Ba6 17. Rc1 Qg6 18.
f4 Bd3 19. Qd2 Rfd8 20. Bd4 Rd5 21. Rc5 h5 22. Kf2 h4 23. Rhc1 Rxc5 24. Rxc5 Re8 25. Rc1 a6 26. Rg1 Re6 27. Qd1 Qh7 28. g4 hxg3+ 29.
hxg3 Rh6 30. e6 Rh2+ 31. Rg2 Kg8 32. Rxh2 Qxh2+ 33. Ke1 Qxg3+ 34. Kd2 Qf2+ 35. Kc3 Qa2 36. Qb3 Qxb3+ 37. Kxb3 Kf8 38. Bc5+ Ke8 39. Kc3 Bb1 40. Kd4 Ba2 41. Ke5 g6 42. Kf6 Bd5 43. Bd4 Bc4 44.
Be5 Bd5 45. Bxc7 Bc4 46. Be5 Bd5 47. Bd4 Bc4 48. Bc5 Bd5 49. e7 Bf7 50. Bd6 Bd5 51.
Kxg6 Be6 52. Kf6 Bd7 53. Bc5 Bc8 54. a4 Bd7 55. Ke5 Bc8 56. Kd6 Bd7 57. a5 Bc8 58. Kc7 Be6 59. Kxc6 Bc4 60. Kd6 Bb5 61. Ke6 Bd7+ 62.
Kf6 Bc8 63. b5 axb5 64. Bb4 Bd7 65. a6 Bc6 66. Kxf5 Kf7 67. Ke5 Ba8 68. Kd6 Ke8 69.
Kc7 Bd5 70. a7 Ba8 71. Kb8 Kd7 72. Kxa8 Kc7 1-0

[Event "Late-Titled-Tuesday-Blitz-October-03-2023"]
[Site "Chess.com"]
[Date "2023.10.03"]
[Round "8"]
[White "Harsha_Bharathakoti"]
[Black "ameetghasi100"]
[Result "1-0"]
[WhiteElo "2920"]
[BlackElo "2719"]
[TimeControl "180+1"]
[EndTime "15:25:58 PDT"]
[Termination "Harsha_Bharathakoti won on time"]

1. d4 Nf6 2. Bg5 Ne4 3. Bf4 d6 4. f3 Nf6 5. e4 e5 6. dxe5 Nh5 7.
Be3 dxe5 8. Nd2 Be7 9. Bc4 O-O 10. g3 Nd7 11. Qe2 c6 12. Bb3 a5 13. a4 Nc5 14.
Bc4 Qc7 15. Qf2 Ne6 16. Ne2 h6 17. Rd1 Bg5 18. Bb6 Qe7 19. c3 Re8 20. h4 Bf6 21.
Nf1 g6 22. Ne3 Bg7 23. O-O Nf8 24. g4 Nf4 25. Nxf4 exf4 26. Ng2 Nd7 27. Bd4 Ne5 28. Bxe5 Bxe5 29. Kh2 Kg7 30. Rd2 Rf8 31. Re1 Bd7 32. Kh1 Rad8 33. Red1 Bc8 34. Bb3 Rxd2 35. Rxd2 Rd8 36.
Rxd8 Qxd8 37. Qe2 Qd6 38. Ne1 Qe7 39. Qf2 Bc7 40. Kh2 Qd6 41. Kg2 Kf8 42. Kf1 Qd8 43. Ke2 b6 44. Bc4 Qd6 45. Nd3 Bd7 46. h5 b5 47. axb5 cxb5 48. Bd5 gxh5 49. gxh5 b4 50. Qd4 Ke7 51. e5 Qb6 52. Qxf4 bxc3 53. Qxf7+ Kd8 54. Qf8+ Be8 55. Bf7 Qb5 56. bxc3 a4 57. Qxe8+ Qxe8 58. Bxe8 Kxe8 59. f4 a3 60. Nc1 Ba5 61. Kd3 Ke7 62. Na2 Ke6 63. Ke4 Kd7 64. f5 Kc6 65. f6 Kd7 66. Kf5 Bc7 67. e6+ Ke8 68. Kg6 Bd6 69. Kxh6 Kf8 70. Kg6 Kg8 71. h6 Kh8 72. e7 1-0

[Event "Late-Titled-Tuesday-Blitz-October-03-2023"]
[Site "Chess.com"]
[Date "2023.10.03"]
[Round "8"]
[White "Qvalda"]
[Black "ritanovikova"]
[Result "1-0"]
[WhiteElo "2377"]
[BlackElo "2176"]
[TimeControl "180+1"]
[EndTime "15:26:02 PDT"]
[Termination "Qvalda won on time"]

1. Nf3 Nf6 2. g3 g6 3. Bg2 Bg7 4. O-O O-O 5. d4 d6 6. c4 c6 7.
Nc3 Qc7 8. e4 Bg4 9. h3 Bxf3 10.
Qxf3 Nbd7 11. Rd1 e5 12. d5 a5 13. b3 Nc5 14. Rb1 Nh5 15. Qe2 f5 16. exf5 Rxf5 17. dxc6 bxc6 18. Ne4 Nxe4 19. Bxe4 Rf7 20. Ba3 Rd8 21. Rd3 Rfd7 22. Rbd1 Nf6 23. Bg2 Kh8 24. g4 d5 25. g5 e4 26. gxf6 exd3 27. fxg7+ Kxg7 28. Qxd3 dxc4 29. Bb2+ Kf8 30. Qf3+ Rf7 31. Rxd8+ Qxd8 32. Qxc6 cxb3 33. axb3 Qd1+ 34. Kh2 Qd8 35. Ba3+ Kg7 36. Qc3+ Kh6 37. Bc1+ g5 38. h4 Qd6+ 39.
Qg3 Qxg3+ 40. Kxg3 Rc7 41. hxg5+ Kg7 42. Bb2+ Kf8 43.
Be4 Kg8 44. f3 Rd7 45. Bc3 Ra7 46. Kf4 a4 47. bxa4 Rxa4 48. Be5 Ra7 49. Kf5 Rf7+ 50. Bf6 Kf8 51. Bd5 Ra7 52. f4 Rd7 53. Ke5 Ra7 54.
Be6 Ra5+ 55. Ke4 Ra6 56. Bd5 h6 57. Bc4 Rc6 58. Bd5 Ra6 59. Ke5 hxg5 60. fxg5 Ra5 61. g6 Ra7 62. Be6 Ke8 63. g7 Rxg7 64.
Bxg7 1-0

[Event "Late-Titled-Tuesday-Blitz-October-03-2023"]
[Site "Chess.com"]
[Date "2023.10.03"]
[Round "8"]
[White "elmusmolamas"]
[Black "gabduschew"]
[Result "0-1"]
[WhiteElo "2510"]
[BlackElo "2422"]
[TimeControl "180+1"]
[EndTime "15:26:05 PDT"]
[Termination "gabduschew won by checkmate"]

1. e4 Nc6 2. b4 e5 3. b5 Nce7 4.
c4 Ng6 5. Be2 Bc5 6. Bb2 d6 7. d4 exd4 8. Bxd4 Bxd4 9. Qxd4 Qf6 10. Qxf6 Nxf6 11. Nc3 Be6 12. g3 O-O 13. Nf3 Rfe8 14.
Nd4 Bd7 15. f3 a6 16. a4 axb5 17. Ndxb5 Rec8 18. Kf2 Bc6 19. Nd4 Be8 20. Rhb1 b6 21. Bd1 Nd7 22. Ke3 Nge5 23. Be2 Nc5 24. f4 Nc6 25.
Ndb5 Bd7 26. Nd5 Na6 27. Bd3 Kf8 28. Kf3 Na5 29. Be2 h5 30. Kf2 g6 31. Nf6 Be6 32.
Nd5 c6 33. Nxb6 cxb5 34. Nxa8 Rxa8 35. axb5 Nc5 36. b6 Ncb7 37. Ke3 Rc8 38. Rc1 Rc6 39. Rab1 Ke8 40. Kd4 Kd7 41. e5 dxe5+ 42. fxe5 Nc5 43. Bf3 Nab3+ 44. Kc3 Nxc1 45. Rxc1 Rxb6 46. Rd1+ Ke7 47. Ra1 Nd7 48. Kd4 Rb4 49. Bd5 Nb6 50. Ra7+ Ke8 51. Bc6+ Kf8 52. Kc5 Rb2 53. Rb7 Nxc4 54. Ra7 Nxe5 55. Kd6 Nxc6 56. Kxc6 Rxh2 57. Kd6 Kg7 58.
Ra3 Rg2 59. Ke5 g5 60. Kd4 h4 61. gxh4 gxh4 62. Ke5 h3 63. Kf4 h2 64. Ra5 h1=Q 65.
Rh5 Qxh5 66. Ke3 Qh3+ 67. Kd4 Rg4+ 68. Kc5 Qc3+ 69. Kd6 Rd4+ 70. Ke7 Qc7+ 71. Ke8 Rd8# 0-1

[Event "Late-Titled-Tuesday-Blitz-October-03-2023"]
[Site "Chess.com"]
[Date "2023.10.03"]
[Round "8"]
[White "Hrant_ChessMood"]
[Black "BardArtem"]
[Result "0-1"]
[WhiteElo "2967"]
[BlackElo "2807"]
[TimeControl "180+1"]
[EndTime "15:26:14 PDT"]
[Termination "BardArtem won by checkmate"]

1. c4 c6 2. Nf3 d5 3. g3 Nf6 4. Bg2 Bf5 5. Qb3 Qb6 6. d3 e6 7.
Be3 Qxb3 8. axb3 a6 9. Bd4 Nbd7 10. Bc3 h6 11. b4 Rc8 12. Nbd2 Be7 13. Nb3 Bd8 14.
O-O O-O 15. Nfd4 Bh7 16. Na5 Bxa5 17. Rxa5 dxc4 18. dxc4 Be4 19. f3 Bg6 20. e4 c5 21.
bxc5 Rxc5 22. b3 Rxa5 23. Bxa5 e5 24. Nc2 Nc5 25. Rb1 b5 26. cxb5 axb5 27. Bf1 Rc8 28. Ne3 Ne6 29. Kf2 Nd4 30. Bd3 Nd7 31. Be1 Nc5 32.
Bf1 Nxf3 33. Rd1 Nxe1 34. Kxe1 Nxb3 35. Bxb5 Bxe4 36. Rd7 Bc6 37. Bxc6 Rxc6 38. Nf5 Rf6 39. Ne7+ Kh7 40. Nd5 Rf3 41. Nb6 Nd4 42. Nc4 f6 43. Nd6 Nf5 44. Ne8 Kg8 45. g4 Kf8 46. Nc7 Nd4 47. Nd5 Rh3 48. Ra7 Rxh2 49. Ne7 Rg2 50. Ng6+ Kg8 51. Ne7+ Kh7 52. Nd5 Kg6 53. Ne7+ Kg5 54.
Nd5 g6 55. Ra6 Rxg4 56. Nxf6 Rf4 57. Nd5 Re4+ 58. Kf1 h5 59. Ne7 Rf4+ 60. Ke1 Rf6 61. Ra5 Re6 62. Nd5 Nf5 63. Nc3 h4 64. Ne4+ Kf4 65.
Ra4 Nd4 66. Nf2 g5 67. Ra8 e4 68. Rf8+ Kg3 69. Rg8 Nf3+ 70. Ke2 h3 71. Rh8 h2 72.
Ke3 Kg2 73. Rh5 g4 74. Rh8 g3 75. Nxe4 Rxe4+ 76. Kxe4 h1=Q 77. Rg8 Qe1+ 78. Kf4 Qd2+ 79.
Kg4 Qd4+ 80. Kh5 Qd5+ 81. Kg4 Qxg8+ 82. Kh5 Qg5# 0-1

[Event "Late-Titled-Tuesday-Blitz-October-03-2023"]
[Site "Chess.com"]
[Date "2023.10.03"]
[Round "8"]
[White "Aswathchess"]
[Black "Rozhkov_V"]
[Result "1-0"]
[WhiteElo "2601"]
[BlackElo "2435"]
[TimeControl "180+1"]
[EndTime "15:26:17 PDT"]
[Termination "Aswathchess won on time"]

1. e4 e6 2. d4 d5 3. Nc3 Bb4 4. e5 c5 5. a3 Bxc3+ 6. bxc3 Ne7 7. Qg4 Qc7 8. Qxg7 Rg8 9. Qxh7 cxd4 10. Ne2 dxc3 11.
f4 Nbc6 12. Be3 Bd7 13. g3 O-O-O 14. Qd3 Nf5 15. Bg2 Nxe3 16. Qxe3 d4 17. Qd3 Qb6 18. O-O Nxe5 19. Qxd4 Nc4 20. Qxb6 axb6 21. Nxc3 Ne3 22. Rf2 Nxg2 23. Rxg2 Bc6 24. Re2 Rd4 25. Kf2 Rc4 26. Re3 Rd8 27. Ke2 Kc7 28. Rd1 Ra8 29. h4 Ra5 30.
Kd2 Be8 31. Kc1 Rac5 32. Kb2 b5 33. Rd2 b4 34. axb4 Rxb4+ 35. Kc1 Rbc4 36. Rdd3 b5 37. Kd1 b4 38. Na2 Rxc2 39. Nxb4 Rc1+ 40. Kd2 Kb6 41. Rb3 Bb5 42. Rec3 R1xc3 43. Rxc3 Rh5 44. Nc2 e5 45. fxe5 Rxe5 46. Nd4 Bd7 47. Re3 Rd5 48. Kc3 Kc5 49.
Nf3 Bg4 50. Nd2 f5 51. Nc4 Rd1 52. Re5+ Kc6 53. Re6+ Kd7 54. Re3 Rg1 55. Kd4 Kd8 56. Ke5 Ke7 57. Kf4+ Kf6 58. Nd2 Rg2 59. Nf3 Rf2 60. Rb3 Kg6 61. Rb6+ Kh5 62. Rb3 Kg6 63. Rc3 Kh5 64. Re3 Rf1 65. Rc3 Rf2 66. Ra3 Rf1 67. Ke5 1-0

[Event "Late-Titled-Tuesday-Blitz-October-03-2023"]
[Site "Chess.com"]
[Date "2023.10.03"]
[Round "8"]
[White "YellowJacek"]
[Black "scandalgod"]
[Result "0-1"]
[WhiteElo "2301"]
[BlackElo "2477"]
[TimeControl "180+1"]
[EndTime "15:26:33 PDT"]
[Termination "scandalgod won on time"]

1. Nf3 d5 2. g3 c6 3. Bg2 Nf6 4. O-O Bf5 5. d3 e6 6. b3 Be7 7.
c4 O-O 8. Bb2 Nbd7 9. Nbd2 h6 10.
Rc1 Bh7 11. Rc2 a5 12. Bc3 a4 13. b4 Bd6 14. a3 Qe7 15. Re1 Rfd8 16. Qa1 e5 17.
cxd5 cxd5 18. Bb2 Rac8 19. Qc1 Nb6 20. e4 d4 21. Nc4 Nxc4 22. Rxc4 Qd7 23. Nd2 b5 24.
Rxc8 Rxc8 25. Qb1 Bg6 26. Nf3 Bh5 27. Nh4 Bg4 28. f3 Be6 29. Rc1 g5 30. Nf5 Bxf5 31. exf5 Qxf5 32. Rxc8+ Qxc8 33. Qc1 Qd7 34. h4 Qf5 35. hxg5 hxg5 36. Qc6 Bf8 37. Qxb5 g4 38. Bxd4 gxf3 39. Qxe5 Qxe5 40. Bxe5 Nd7 41. Bxf3 Nxe5 42. Bd1 Nxd3 43. Bxa4 Bd6 44. Kg2 Be5 45. Kf3 Bb2 46. Ke4 Nf2+ 47. Kf3 Nd3 48. Ke4 Ne1 49. b5 Bxa3 50.
b6 Bd6 51. b7 Bxg3 52. Bc6 Kg7 53. Kf5 Bb8 54. Be4 f6 55. Kg4 Kf7 56. Kf5 Ke7 57.
Kg6 Ke6 58. Kh5 Ke5 59. Bg6 Ng2 60. Kh6 Nf4 61. Bb1 Ne6 62. Kg6 Nc5 63. Kh5 Nxb7 64. Kg4 Nd6 65. Kf3 Nc4 66. Ke2 Nd6 67. Kf3 Bc7 68. Ke2 Ne4 69. Bc2 f5 70. Kf3 Bb6 71. Bb3 Ng5+ 72. Kg3 f4+ 73. Kg4 Ne4 74. Ba4 Nf6+ 75.
Kf3 Ne4 76. Bc6 Ng5+ 77. Kg4 Ne6 78. Bb7 Be3 79. Ba8 Bc1 80. Kf3 Nc5 81. Kg4 Ne4 82. Kf3 Ng5+ 83. Kg4 Ne6 84. Kf3 Nc7 85. Bb7 Nd5 0-1

[Event "Late-Titled-Tuesday-Blitz-October-03-2023"]
[Site "Chess.com"]
[Date "2023.10.03"]
[Round "8"]
[White "MBA_CHESS_2021"]
[Black "alfianasybullina"]
[Result "0-1"]
[WhiteElo "2239"]
[BlackElo "2400"]
[TimeControl "180+1"]
[EndTime "15:26:33 PDT"]
[Termination "alfianasybullina won on time"]

1. d4 Nf6 2. c4 c5 3. d5 e6 4.
Nc3 exd5 5. cxd5 d6 6. e4 g6 7. Bg5 Bg7 8. Qd2 b6 9. Bd3 Ba6 10.
Bxa6 Nxa6 11. Nge2 O-O 12. O-O Nc7 13. a4 Qd7 14. f3 Rfe8 15. Qd3 h6 16. Bh4 a6 17.
Kh1 Kh7 18. Bg3 b5 19. axb5 axb5 20. h3 b4 21. Nd1 Qb5 22. Qxb5 Nxb5 23. Ne3 Nh5 24. Nc4 Nxg3+ 25. Nxg3 h5 26. Ne2 Bf8 27. Nf4 Kg7 28. Nd3 Nd4 29. Nb6 Rxa1 30. Rxa1 Be7 31. Ra7 Bf6 32. Nc4 Rd8 33. Kg1 Nb5 34. Rb7 Nd4 35.
Kf2 Kf8 36. f4 Be7 37. g4 hxg4 38. hxg4 f5 39. gxf5 gxf5 40. e5 dxe5 41. Ndxe5 Bh4+ 42. Kg2 Bf6 43. Rf7+ Kg8 44. Rxf6 Rxd5 45. Rb6 Kg7 46.
Rb7+ Kg8 47. Ng6 Nc6 48. Nce5 Rd2+ 49. Kf3 Nxe5+ 50. fxe5 Rxb2 51. e6 Rb1 52. Kf4 Re1 53.
Ne5 Kf8 54. Kxf5 Rf1+ 55. Ke4 Re1+ 56. Kd5 b3 57. Kd6 Rd1+ 58. Kxc5 b2 59. Ng6+ Kg8 60. Rxb2 Kg7 61. Re2 Rc1+ 62. Kd6 Rd1+ 63. Kc5 Rc1+ 64. Kd4 Rd1+ 65. Kc3 Rc1+ 66. Kd2 Rc8 67. Nf4 Re8 68. Re4 Kf6 69. Ke3 Kf5 70. Kf3 Re7 71. Ke3 Ra7 72.
Nd5 Ra3+ 73. Kd4 Ra4+ 74. Kc5 Rxe4 75. Kd6 Rxe6+ 76. Kd7 Ke5 77. Nc7 Rd6+ 78. Kc8 Rc6 79. Kd7 Rd6+ 80. Kc8 Rd1 81. Kb7 Kd6 82. Nb5+ Kc5 83.
Nc7 Rd7 84. Kc8 Rh7 85. Ne6+ Kd6 86. Ng5 Rc7+ 0-1

[Event "Late-Titled-Tuesday-Blitz-October-03-2023"]
[Site "Chess.com"]
[Date "2023.10.03"]
[Round "8"]
[White "Veleamater"]
[Black "canary2016"]
[Result "0-1"]
[WhiteElo "2307"]
[BlackElo "2166"]
[TimeControl "180+1"]
[EndTime "15:26:58 PDT"]
[Termination "canary2016 won on time"]

1. g3 d5 2. Bg2 Nf6 3. d3 g6 4.
Nf3 Bg7 5. O-O O-O 6. h3 c5 7. Nc3 Nc6 8. e4 dxe4 9. dxe4 Qc7 10. Be3 b6 11. Nd2 Bb7 12. f4 Rfd8 13. e5 Ne8 14.
Kh2 Nd4 15. Rf2 Bxg2 16. Rxg2 Qb7 17. Bxd4 Rxd4 18. Qe2 Rad8 19. Nf3 R4d7 20. Ne4 Nc7 21. c4 Ne6 22. Neg5 Nd4 23. Qf2 h6 24. e6 hxg5 25. exf7+ Kxf7 26. Nxg5+ Kg8 27. Qe3 Bf6 28. Ne6 Nxe6 29. Qxe6+ Kg7 30. Rf1 Rd2 31. Rff2 Rxf2 32. Rxf2 Qd7 33. Qe2 Qd3 34. Qg4 Qxc4 35. b3 Qd4 36.
Re2 Qd7 37. Qf3 Qd1 38. Qe3 Qd3 39. Qe6 Rd6 40. Qg4 Qf5 41. Qf3 Rd3 42. Qg2 Qd5 43. Qf2 Qd4 44. Qe1 Qc3 45. Qf2 Rf3 46. Qg2 Re3 47. Rf2 c4 48. bxc4 Qxc4 49. h4 Qc5 50.
Rc2 Rc3 51. Re2 Qf5 52. Qb7 Rc2 53. Rg2 Rxg2+ 54. Kxg2 Qc2+ 55. Kf3 Qxa2 56. g4 Qb3+ 57. Ke4 Qc4+ 58. Kf3 Qd3+ 59. Kf2 Qd4+ 60. Kf3 Qc3+ 61. Ke4 Qc2+ 62. Kf3 Qd3+ 63. Kg2 Qe2+ 64. Kg3 Qe1+ 65. Kh3 Qf1+ 66. Kg3 Qg1+ 67. Kh3 Qf1+ 68. Kg3 Qd3+ 69.
Kg2 Qe3 70. g5 Qxf4 71. gxf6+ Qxf6 72. Qxa7 Qxh4 73. Qxb6 Qg4+ 74. Kh2 Qh4+ 75. Kg2 Qg5+ 76. Kh2 Qe5+ 77. Kg2 Qf5 78. Qb8 Qf6 79. Qb7 Kf7 80.
Kg3 Qe6 81. Qf3+ Qf5 82. Qb3+ Kg7 83. Qc3+ Qf6 84. Qc4 Qd6+ 85. Kg2 e6 86. Qc3+ e5 87. Qb3 Kf6 88. Qf3+ Ke6 89. Qg4+ Ke7 90. Qg5+ Qf6 91. Qe3 Ke6 92. Qb3+ Kf5 93. Qh3+ Kg5 94. Qg3+ Kh6 95.
Qh3+ Kg7 96. Qd7+ Qf7 97. Qd6 Qf6 98. Qd7+ Kf8 99. Qd8+ Qxd8 0-1

[Event "Late-Titled-Tuesday-Blitz-October-03-2023"]
[Site "Chess.com"]
[Date "2023.10.03"]
[Round "8"]
[White "Levanzovsky"]
[Black "crazy_but_lazy"]
[Result "0-1"]
[WhiteElo "2465"]
[BlackElo "2590"]
[TimeControl "180+1"]
[EndTime "15:27:21 PDT"]
[Termination "crazy_but_lazy won by resignation"]

1. e4 d6 2. d4 Nf6 3. Nc3 e5 4. dxe5 dxe5 5. Qxd8+ Kxd8 6. Bc4 Be6 7. Bxe6 fxe6 8. f3 Bd6 9. Nh3 Ke7 10. Be3 Nbd7 11. Nf2 a6 12. Ke2 b5 13. Ncd1 Rhc8 14. Bd2 c5 15. Ne3 Rc6 16. a4 Rb8 17. axb5 axb5 18. Ra7 c4 19. Rha1 Bc5 20. R7a5 Rcb6 21. b4 cxb3 22.
cxb3 R8b7 23. Nd3 Bd4 24. Bb4+ Kf7 25. Rc1 Nb8 26. Bc5 Bxc5 27. Nxe5+ Ke7 28. Rxc5 Nbd7 29. Nxd7 Nxd7 30. Rc8 Rd6 31. Raa8 Rd4 32. Rg8 Kf7 33.
Rgd8 Rb4 34. Ra3 Nc5 35. Rc8 Rxb3 36. Rxb3 Nxb3 37. Kd3 b4 38. Nc4 Ke7 39. Rc6 Rd7+ 40. Ke3 Rb7 41. Rb6 Rxb6 42. Nxb6 Nc5 43. Kd4 b3 44.
Nc4 Na4 45. Nd2 Kd6 46. Nxb3 Nb6 47. Nd2 Nd7 48. Nc4+ Ke7 49. Ne5 Nb6 50. Nd3 Na4 51. Ke3 Nb6 52. Kf2 Nc4 53. Nf4 Kf6 54. Ne2 Ke5 55. g3 h6 56. h4 Nb2 57. h5 Nd1+ 58. Kg2 Ne3+ 59. Kh3 Nf1 60. Nf4 Kf6 61. Kg2 Ne3+ 62. Kf2 Nc4 63. Ke2 Ne5 64. Ng2 Nc6 65.
Ne3 Kg5 66. g4 Kf4 67. Kf2 Nd4 68. Ng2+ Ke5 69. Ke3 Nc2+ 70. Kd3 Nb4+ 71. Ke2 Nc2 72. Kf2 Nb4 73. Kg3 Nd3 74. Nh4 Nc1 75. Ng6+ Kf6 76. e5+ Kf7 77. Nf4 Nb3 78. Nd3 Nd4 79. Kf4 Ne2+ 80.
Ke3 Nc3 81. f4 Nd5+ 82. Ke4 Nc3+ 83. Kd4 Ne2+ 84. Kc5 Ng1 85. Kd6 Nf3 86. f5 Ng5 87.
Kd7 exf5 88. gxf5 Ne4 89. Nf4 Nc5+ 90. Kd6 Ne4+ 91. Kd5 Ng3 92. e6+ Kf6 93. Kd6 Nxf5+ 94. Kd7 Ne7 95. Ng6 Nd5 96. e7 Nxe7 97. Nxe7 Kg5 98. Ke6 Kxh5 99. Kf5 g5 100. Ke4 Kg4 101. Nf5 h5 102. Ne3+ Kg3 103. Nf5+ Kg2 104. Ke3 h4 105. Ke2 h3 106. Ne3+ Kg1 107. Ng4 h2 108. Nxh2 Kxh2 109. Kf3 Kh3 110. Kf2 g4 111. Kf1 Kh2 0-1

[Event "Late-Titled-Tuesday-Blitz-October-03-2023"]
[Site "Chess.com"]
[Date "2023.10.03"]
[Round "9"]
[White "fyall777"]
[Black "Rutricks"]
[Result "1-0"]
[WhiteElo "2540"]
[BlackElo "2680"]
[TimeControl "180+1"]
[EndTime "15:35:17 PDT"]
[Termination "fyall777 won by resignation"]

1. e4 g6 2. h4 Bg7 3. h5 d5 4. exd5 Qxd5 5. Nc3 Qd6 6. Bc4 a6 7. Qf3 Nf6 8. h6 Bf8 9. d3 Nc6 10. Ne4 Qe5 11. Ne2 Bg4 12. Nxf6+ 1-0

[Event "Late-Titled-Tuesday-Blitz-October-03-2023"]
[Site "Chess.com"]
[Date "2023.10.03"]
[Round "9"]
[White "protectiago"]
[Black "ferrufino64"]
[Result "1-0"]
[WhiteElo "2075"]
[BlackElo "2215"]
[TimeControl "180+1"]
[EndTime "15:35:31 PDT"]
[Termination "protectiago won by resignation"]

1. d4 d5 2. c4 e6 3. Nf3 Nf6 4. g3 Be7 5. Bg2 O-O 6. O-O c6 7. Nbd2 b6 8. Qc2 Bb7 9. Rd1 Nbd7 10. e4 dxc4 11. e5 Nd5 12. Ne4 c5 13. Neg5 g6 14. Qe4 cxd4 15. Qh4 h5 16. g4 Kg7 17. gxh5 Rh8 18.
h6+ Rxh6 19. Nxe6+ fxe6 20. Qxh6+ Kf7 21. Qh7+ Kf8 1-0

[Event "Late-Titled-Tuesday-Blitz-October-03-2023"]
[Site "Chess.com"]
[Date "2023.10.03"]
[Round "9"]
[White "acertijo08"]
[Black "geordie_derraugh"]
[Result "1-0"]
[WhiteElo "2349"]
[BlackElo "2468"]
[TimeControl "180+1"]
[EndTime "15:36:08 PDT"]
[Termination "acertijo08 won by resignation"]

1. e4 e5 2. Nf3 Nc6 3. Bb5 a6 4. Ba4 Nf6 5. O-O Be7 6. Re1 O-O 7. Bxc6 dxc6 8. Nxe5 Re8 9. Nf3 Bg4 10. d3 Bd6 11. h3 Bh5 12. Bg5 h6 13. Bh4 Be5 14. c3 c5 15. g4 Bg6 16. Nxe5 Rxe5 17. f4 Re8 18. e5 Bxd3 19. exf6 Rxe1+ 20. Qxe1 gxf6 21. Nd2 Qd6 22. Qe3 c4 23. Nf3 c5 24. Re1 Qb6 25. Qf2 Kg7 26. g5 fxg5 27. fxg5 h5 28. Ne5 Rf8 29. Nd7 1-0

[Event "Late-Titled-Tuesday-Blitz-October-03-2023"]
[Site "Chess.com"]
[Date "2023.10.03"]
[Round "9"]
[White "Sjakkerntobi"]
[Black "jguerramzllo"]
[Result "0-1"]
[WhiteElo "2511"]
[BlackElo "2689"]
[TimeControl "180+1"]
[EndTime "15:36:47 PDT"]
[Termination "jguerramzllo won by resignation"]

1. f4 Nf6 2. Nf3 g6 3. g3 Bg7 4. Bg2 O-O 5. O-O d6 6. d3 c5 7. Nc3 Nc6 8. e4 Rb8 9. h3 b5 10. g4 b4 11. Ne2 a5 12. Qe1 a4 13. f5 a3 14. Qh4 Nd7 15. Rb1 axb2 16. Bxb2 e6 17.
f6 Bxf6 18. Bxf6 Qxf6 19. Ng5 Qg7 20. Ng3 h6 21. Nf3 g5 0-1

[Event "Late-Titled-Tuesday-Blitz-October-03-2023"]
[Site "Chess.com"]
[Date "2023.10.03"]
[Round "9"]
[White "AsaHoffmann"]
[Black "Veleamater"]
[Result "1-0"]
[WhiteElo "2373"]
[BlackElo "2300"]
[TimeControl "180+1"]
[EndTime "15:36:54 PDT"]
[Termination "AsaHoffmann won by resignation"]

1. d4 g6 2. e4 Bg7 3. Be3 d6 4. Qd2 Nf6 5. f3 Nc6 6. Ne2 e5 7. Nbc3 O-O 8. O-O-O a6 9. d5 Ne7 10. Bh6 Nh5 11. g4 Nf6 12. h4 Bxg4 13. Bxg7 Kxg7 14. fxg4 Nxg4 15. Qe1 f5 16. h5 f4 17. hxg6 Nxg6 18.
Bh3 Ne3 19. Rd3 Qh4 20. Qg1 Kf6 21. Bf5 Rh8 22. Rxh4 Nxh4 23. Rxe3 fxe3 24. Qxe3 Rag8 25. Qh6+ Ng6 26. Ng3 Rg7 27. Nh5+ 1-0

[Event "Late-Titled-Tuesday-Blitz-October-03-2023"]
[Site "Chess.com"]
[Date "2023.10.03"]
[Round "9"]
[White "gabduschew"]
[Black "LeninGuerra"]
[Result "1-0"]
[WhiteElo "2434"]
[BlackElo "2577"]
[TimeControl "180+1"]
[EndTime "15:37:30 PDT"]
[Termination "gabduschew won by resignation"]

1. b3 e5 2. Bb2 d6 3. e3 Be6 4.
Nf3 Nd7 5. d4 h6 6. dxe5 dxe5 7.
Nxe5 Bb4+ 8. Nd2 Ngf6 9. Nd3 Ba5 10. b4 Bb6 11. Be2 a5 12. a3 axb4 13. axb4 Rxa1 14. Qxa1 h5 15. Bf3 c6 16. O-O h4 17. h3 Rh6 18. Nf4 Bc7 19. Rd1 Qe7 20. Qa8+ Bd8 21. Qxb7 g5 22. Nxe6 Qxe6 23. Bxc6 g4 24. Bxf6 Bxf6 25.
Ne4 gxh3 26. Bxd7+ 1-0

[Event "Late-Titled-Tuesday-Blitz-October-03-2023"]
[Site "Chess.com"]
[Date "2023.10.03"]
[Round "9"]
[White "josiur"]
[Black "Kirill_Klukin"]
[Result "1-0"]
[WhiteElo "2532"]
[BlackElo "2672"]
[TimeControl "180+1"]
[EndTime "15:38:18 PDT"]
[Termination "josiur won on time"]

1. e4 c5 2. Nf3 g6 3. Bc4 Bg7 4.
O-O Nc6 5. c3 e6 6. d4 cxd4 7.
cxd4 d5 8. exd5 exd5 9. Re1+ Nge7 10. Bb3 O-O 11. Nc3 h6 12. h3 Be6 13. Ne5 Rc8 14. Bf4 Qb6 15. Nxc6 Nxc6 16. Nxd5 Qxd4 17. Qxd4 Bxd4 18. Bxh6 1-0

[Event "Late-Titled-Tuesday-Blitz-October-03-2023"]
[Site "Chess.com"]
[Date "2023.10.03"]
[Round "9"]
[White "Let_it_be_1"]
[Black "dennisodessa"]
[Result "1/2-1/2"]
[WhiteElo "2625"]
[BlackElo "2485"]
[TimeControl "180+1"]
[EndTime "15:38:18 PDT"]
[Termination "Game drawn by agreement"]

1. e4 e6 2. d4 d5 3. Nd2 Nf6 4. e5 Nfd7 5. Bd3 c5 6. c3 Nc6 7. Ne2 cxd4 8. cxd4 f6 9. exf6 Qxf6 10. Nf3 h6 11.
O-O Bd6 12. Be3 O-O 13. a3 Rd8 14. Qd2 e5 15. dxe5 Ndxe5 16. Nxe5 Bxe5 17. Rab1 d4 18. Bf4 Bf5 19. Bxe5 Nxe5 20. Bxf5 Qxf5 21. Nxd4 Qg4 22. f4 Nc6 23. Qe2 Qxe2 24. Nxe2 Rd2 25. Rf2 Rad8 26.
Nc3 Na5 27. Ne4 Rd1+ 28. Rxd1 Rxd1+ 29. Rf1 Rd4 30. Re1 Nc4 31. Re2 Nxb2 32. Rxb2 Rxe4 33. Rxb7 Ra4 34. Rb3 1/2-1/2

[Event "Late-Titled-Tuesday-Blitz-October-03-2023"]
[Site "Chess.com"]
[Date "2023.10.03"]
[Round "9"]
[White "Kosak12"]
[Black "GMBenjaminBok"]
[Result "0-1"]
[WhiteElo "2815"]
[BlackElo "2991"]
[TimeControl "180+1"]
[EndTime "15:38:21 PDT"]
[Termination "GMBenjaminBok won by resignation"]

1. e4 c5 2. Nf3 d6 3. d4 cxd4 4. Nxd4 Nf6 5. Nc3 a6 6. Be2 e5 7. Nb3 Be7 8. O-O O-O 9. Be3 Be6 10. Re1 Nbd7 11. a4 Qb8 12. a5 Rc8 13. Bf3 b5 14. axb6 Nxb6 15. Na5 Nc4 16. Nxc4 Rxc4 17. Rb1 h6 18. h3 Qb7 19. Be2 Rb4 20. b3 Rc8 21.
Qd2 a5 22. Bd3 Qc6 23. Na2 Rbb8 24. b4 Bxa2 0-1

[Event "Late-Titled-Tuesday-Blitz-October-03-2023"]
[Site "Chess.com"]
[Date "2023.10.03"]
[Round "9"]
[White "BardArtem"]
[Black "Grischuk"]
[Result "1-0"]
[WhiteElo "2819"]
[BlackElo "2999"]
[TimeControl "180+1"]
[EndTime "15:38:29 PDT"]
[Termination "BardArtem won by resignation"]

1. e4 c5 2. c3 Nf6 3. e5 Nd5 4. Nf3 Nc6 5. Bc4 Nb6 6. Bb3 c4 7. Bc2 d6 8. exd6 Qxd6 9. O-O Bg4 10. h3 Bh5 11. Re1 O-O-O 12. b3 f6 13. Na3 Ne5 14.
Be4 e6 15. Nxc4 Nbxc4 16. bxc4 Rd7 17. d4 Nxc4 18. Qb3 Na5 19. Qb5 b6 20. Qxh5 f5 21. Bd3 1-0

[Event "Late-Titled-Tuesday-Blitz-October-03-2023"]
[Site "Chess.com"]
[Date "2023.10.03"]
[Round "9"]
[White "Mikedannnn"]
[Black "Arystanner"]
[Result "0-1"]
[WhiteElo "2566"]
[BlackElo "2831"]
[TimeControl "180+1"]
[EndTime "15:38:32 PDT"]
[Termination "Arystanner won on time"]

1. e4 c5 2. Nf3 e6 3. b3 a6 4. Bb2 d5 5. exd5 exd5 6. d4 Nc6 7. Be2 Nf6 8. O-O Bd6 9. dxc5 Bxc5 10. c4 d4 11. b4 Bxb4 12. Nxd4 O-O 13. Nxc6 bxc6 14. Qa4 Qe7 15. Bf3 Rb8 16. Bxc6 Bf5 17. Nc3 Bd6 18.
Nd1 Rxb2 19. Nxb2 Qe5 20. g3 Qxb2 21. Qxa6 Bc5 22. Bf3 Bd3 0-1

[Event "Late-Titled-Tuesday-Blitz-October-03-2023"]
[Site "Chess.com"]
[Date "2023.10.03"]
[Round "9"]
[White "szachuspl"]
[Black "rikchessmx"]
[Result "1-0"]
[WhiteElo "2532"]
[BlackElo "2355"]
[TimeControl "180+1"]
[EndTime "15:38:32 PDT"]
[Termination "szachuspl won by resignation"]

1. d4 Nf6 2. c4 e6 3. Nf3 b6 4. g3 Bb7 5. Bg2 d6 6. O-O Nbd7 7. Nc3 Be7 8. Qc2 O-O 9. e4 Re8 10. Re1 e5 11. d5 a5 12. h3 Nc5 13. b3 g6 14. Rb1 Na6 15. a3 Bf8 16. b4 Bg7 17. Rf1 Nh5 18. Ne1 axb4 19. axb4 c5 20. dxc6 Bc8 21.
Nd5 Nc7 22. Nxb6 Rb8 23. Nxc8 Qxc8 24. b5 Ne6 25. Be3 Nd4 26. Bxd4 exd4 27. Nd3 f5 28. exf5 gxf5 29. Rfe1 Rf8 30. b6 f4 31. c7 Rb7 32.
gxf4 Nxf4 33. Nxf4 Rxf4 34. Bxb7 Qxb7 35. Re8+ Rf8 36. Rxf8+ Bxf8 37. Qf5 d3 38. c8=Q Qg7+ 39. Qg4 h5 40. Qxg7+ Kxg7 41. Qxf8+ Kxf8 42. Rd1 d2 43. Rxd2 1-0